 Dungeon Crawl Stone Soup version 0.29.0-4-gdea44cf6ec (webtiles) character file.

Game seed: 3863179383825317939

368 qw the Chopper (level 6, -7/36 HPs)
             Began as a Tengu Warper on Aug 28, 2022.
             Mangled by Prince Ribbit (8 damage)
             ... on level 4 of the Dungeon.
             The game lasted 00:00:25 (4571 turns).

qw the Chopper (Tengu Warper)                       Turns: 4571, Time: 00:00:26

Health: -7/36      AC: 10    Str: 14    XL:     6   Next: 69%
Magic:  0/10       EV:  8    Int: 13    God:
Gold:   68         SH:  0    Dex: 13    Spells: 9/9 levels left

rFire   + . .      SeeInvis +   Y - +0 war axe
rCold   + + .      Faith    .   (no shield)
rNeg    . . .      Spirit   +   m - +0 chain mail
rPois   .          Reflect  .   (helmet restricted)
rElec   .          Harm     .   h - +0 cloak
rCorr   .          Rampage  .   (no gloves)
Will    .....                   (boots unavailable)
Stlth   ..........              j - amulet of guardian spirit
HPRegen 0.12/turn               d - ring of protection from fire
MPRegen 0.12/turn               f - ring of see invisible

@: lethally poisoned (-7 -> -12), about to teleport, flying quickly and
evasively, quick
A: beak, talons 3, nimble flight, cold resistance 2, screaming 1
a: no special abilities


You were on level 4 of the Dungeon.
You visited 1 branch of the dungeon, and saw 5 of its levels.

You collected 128 gold pieces.
You spent 60 gold pieces at shops.


Innate Abilities, Weirdness & Mutations

You have a beak for a mouth.
You have claws for feet.
Your magical nature lets you fly swiftly and evasively.
Your flesh is very cold resistant. (rC++)
You occasionally shout uncontrollably at your foes.


   Skills:
 + Level 2.4 Fighting
 - Level 7.0 Axes
 - Level 1.0 Throwing
 - Level 2.5 Armour
 - Level 2.1 Dodging
 - Level 2.0 Spellcasting
 - Level 2.4 Translocations


You had 9 spell levels left.
You didn't know any spells.
Your spell library contained the following spells:

 Spells                   Type           Power      Damage    Failure   Level
 Blink                    Tloc           14%        N/A       98%         2
 Gell's Gravitas          Tloc           7%         N/A       100%        3
 Lesser Beckoning         Tloc           7%         N/A       100%        3
 Teleport Other           Tloc           7%         N/A       100%        3
 Manifold Assault         Tloc           7%         N/A       100%        5

Inventory:

Hand Weapons
 b - a +0 flail
 Y - a +0 war axe (weapon)
Missiles
 r - a boomerang (quivered)
Armour
 h - a +0 cloak (worn)
 m - a +0 chain mail (worn)
Jewellery
 d - a ring of protection from fire (left hand)
 f - a ring of see invisible (right hand)
 i - a ring of ice
 j - an amulet of guardian spirit (around neck)
Scrolls
 a - a scroll of identify
Potions
 c - a potion of haste
 e - 2 potions of might
 g - 2 potions of heal wounds
 k - a potion of mutation
 q - a potion of curing

Dungeon Overview and Level Annotations

Branches:
Dungeon (5/15)
 Temple: D:4-7

Altars:
Ashenzari
Cheibriados
Elyvilon
Yredelemnul

Shops:
D:2 (   D:3 ?

Annotations:
D:4 Prince Ribbit
D:5 Pikel


Message History

The scorpion poisons you! The lemure hits you but does no damage.
Prince Ribbit barely misses you. The lemure hits you but does no damage.
The scorpion stings you but does no damage.
There is a stone staircase leading up, spattered with blood here.
4565 ||| STAIRDANCE You feel sick.
Prince Ribbit barely misses you.
The scorpion stings you but does no damage.
The lemure hits you but does no damage.
You fly upwards.
You feel sick.
There is a stone staircase leading down, spattered with blood here.
You miss Prince Ribbit. Your kick misses Prince Ribbit.
You closely miss the scorpion. You barely miss the lemure.
You feel sick. Prince Ribbit hits you!
The scorpion stings you but does no damage.
The lemure hits you but does no damage.
You closely miss Prince Ribbit. Your kick misses Prince Ribbit.
You closely miss the scorpion. You hit the lemure but do no damage.
You feel sick.
Prince Ribbit hits you but does no damage.
The scorpion stings you.
You are more poisoned.
The scorpion poisons you!
Prince Ribbit hits you but does no damage.
The lemure hits you but does no damage.
You barely miss Prince Ribbit. Your kick misses Prince Ribbit.
You barely miss the scorpion. You hit the lemure but do no damage.
You feel very sick.
The scorpion stings you but does no damage.
Prince Ribbit hits you. The lemure misses you. The scorpion closely misses you.
Prince Ribbit barely misses you.
You hit Prince Ribbit. You claw Prince Ribbit. You punch Prince Ribbit.
Prince Ribbit is moderately wounded.
You barely miss the scorpion. You closely miss the lemure.
You feel sick. Prince Ribbit barely misses you. The lemure hits you!
The scorpion barely misses you.
4571 ||| READING scroll of teleportation.
As you read the scroll of teleportation, it crumbles to dust.
You feel strangely unstable.
You feel sick. Prince Ribbit hits you!
You die...

..##.....####..........#.........
%....##.## #:.........##........
#.####..## #..........##........
.[##.....# #..........##........
.........#####........###........
.###.......####......## #........
.........#....<.##.#.# ##.......
.###...........s##.#.#####.###.##
...#...).##.....@F.........# #.#
.#.......##....5.<.........###.#
.###...........................##
.# #.....###..[...........###....
.# ####### #.....................
## #.....................
#####..........#......
#...!......##.....
#..........#######


You could see Prince Ribbit, a lemure and a scorpion.

Vanquished Creatures
  2 lemures (D:4)
  A necrophage (D:3)
  A scorpion (D:4)
  An orc priest (D:3)
  Natasha (thrice) (D:2)
  2 orc wizards (D:3)
  An adder (D:2)
  3 worms
  3 dart slugs
  11 orcs
  5 ball pythons
  2 endoplasms
  3 giant cockroaches
  7 goblins
  A hobgoblin (D:2)
  2 quokkas
  8 bats
  4 frilled lizards
  5 kobolds
  4 rats
69 creatures vanquished.

Notes
Turn   | Place    | Note
-------+----------+-------------------------------------------
     0 | D:1      | qw the Tengu Warper began the quest for the Orb.
     0 | D:1      | Reached XP level 1. HP: 12/12 MP: 4/4
     0 | D:1      | 0 ||| qw: Version: 0.1-a-89-g26bdef1
     0 | D:1      | 0 ||| qw: Game counter: 806
     0 | D:1      | 0 ||| qw: Always use a shield: true
     0 | D:1      | 0 ||| qw: God list: Okawaru
     0 | D:1      | 0 ||| qw: Allow faded altars: false
     0 | D:1      | 0 ||| qw: Do Orc after D:15 true
     0 | D:1      | 0 ||| qw: Do second Lair branch before Depths: true
     0 | D:1      | 0 ||| qw: Lair rune preference: random
     0 | D:1      | 0 ||| qw: Plans: Normal
     0 | D:1      | 0 ||| PLANNING D:1-11
   335 | D:1      | Reached XP level 2. HP: 17/17 MP: 6/6
   360 | D:1      | Reached skill level 3 in Axes
   587 | D:1      | Found a broken altar of Ashenzari.
   592 | D:1      | 592 ||| UPGRADING to +0 ring mail.
   602 | D:1      | 602 ||| DROPPING +0 leather armour.
   603 | D:1      | 603 ||| UPGRADING to ring of protection from fire.
   604 | D:1      | 604 ||| UPGRADING to ring of see invisible.
   605 | D:1      | 605 ||| READING 2 scrolls labelled YMAR SOHEI.
   606 | D:1      | 606 ||| READING scroll labelled VAKAME GACO.
   609 | D:1      | 609 ||| DROPPING scroll of blinking.
   924 | D:2      | 924 ||| FLEEEEING.
   925 | D:2      | 925 ||| FLEEEEING.
   926 | D:2      | 926 ||| FLEEEEING.
   932 | D:2      | 932 ||| FLEEEEING.
   933 | D:2      | 933 ||| FLEEEEING.
   934 | D:2      | 934 ||| FLEEEEING.
   935 | D:2      | 935 ||| FLEEEEING.
   936 | D:2      | 936 ||| FLEEEEING.
   937 | D:2      | 937 ||| FLEEEEING.
   938 | D:2      | 938 ||| FLEEEEING.
   939 | D:2      | 939 ||| FLEEEEING.
   940 | D:2      | 940 ||| FLEEEEING.
   941 | D:2      | 941 ||| FLEEEEING.
   942 | D:2      | 942 ||| FLEEEEING.
   943 | D:2      | 943 ||| FLEEEEING.
   944 | D:2      | 944 ||| FLEEEEING.
   945 | D:2      | 945 ||| FLEEEEING.
   946 | D:2      | 946 ||| FLEEEEING.
   947 | D:2      | 947 ||| FLEEEEING.
   948 | D:2      | 948 ||| FLEEEEING.
   949 | D:2      | 949 ||| FLEEEEING.
   950 | D:2      | 950 ||| FLEEEEING.
   951 | D:2      | 951 ||| FLEEEEING.
   952 | D:2      | 952 ||| FLEEEEING.
   953 | D:2      | 953 ||| FLEEEEING.
  1089 | D:2      | Found Neuhoec's Weapon Emporium.
  1114 | D:2      | Reached XP level 3. HP: 14/21 MP: 7/7
  1279 | D:2      | 1279 ||| Stepping ~*~*~tactically~*~*~ (stealth).
  1412 | D:2      | Noticed Natasha
  1425 | D:2      | Killed Natasha
  1426 | D:2      | Reached skill level 4 in Axes
  1801 | D:2      | 1801 ||| Stepping ~*~*~tactically~*~*~ (stealth).
  1808 | D:2      | Reached XP level 4. HP: 21/26 MP: 8/8
  2038 | D:2      | Noticed Natasha
  2039 | D:2      | 2039 ||| Stepping ~*~*~tactically~*~*~ (stealth).
  2040 | D:2      | 2040 ||| Stepping ~*~*~tactically~*~*~ (stealth).
  2048 | D:2      | 2048 ||| Stepping ~*~*~tactically~*~*~ (hiding).
  2054 | D:2      | Killed Natasha
  2055 | D:2      | Reached skill level 5 in Axes
  2073 | D:2      | Noticed Natasha
  2074 | D:2      | 2074 ||| Stepping ~*~*~tactically~*~*~ (hiding).
  2075 | D:2      | 2075 ||| Stepping ~*~*~tactically~*~*~ (hiding).
  2080 | D:2      | Killed Natasha
  2291 | D:2      | 2291 ||| UPGRADING to amulet of guardian spirit.
  2296 | D:2      | 2296 ||| DRINKING 3 viscous silvery potions.
  2297 | D:2      | 2297 ||| DRINKING 2 coppery potions.
  2297 | D:2      | Gained mutation: Your flesh is cold resistant. (rC+)
                  | [potion of mutation]
  2297 | D:2      | Gained mutation: You occasionally shout uncontrollably at
                  | your foes. [potion of mutation]
  2297 | D:2      | Gained mutation: Your flesh is very cold resistant. (rC++)
                  | [potion of mutation]
  2298 | D:2      | 2298 ||| READING 3 scrolls of identify.
  2298 | D:2      | 2298 ||| IDENTIFYING lumpy sapphire potion
  2299 | D:2      | 2299 ||| READING 2 scrolls of identify.
  2299 | D:2      | 2299 ||| IDENTIFYING cyan potion
  2300 | D:2      | 2300 ||| DROPPING potion of invisibility.
  2327 | D:3      | 2327 ||| STAIRDANCE
  2335 | D:3      | Gained mutation: Your magical nature lets you fly swiftly
                  | and evasively. [Tengu growth]
  2335 | D:3      | Reached XP level 5. HP: 29/30 MP: 7/9
  2336 | D:3      | 2336 ||| STAIRDANCE
  2371 | D:3      | 2371 ||| STAIRDANCE
  2383 | D:3      | 2383 ||| DROPPING +0 whip.
  2396 | D:3      | Found a basalt altar of Yredelemnul.
  2410 | D:3      | 2410 ||| Stepping ~*~*~tactically~*~*~ (stealth).
  2412 | D:3      | 2412 ||| Stepping ~*~*~tactically~*~*~ (stealth).
  2436 | D:3      | Found Qaxavefuw's Magic Scroll Boutique.
  2439 | D:3      | 2439 ||| BUYING scroll of identify (20 gold).
  2439 | D:3      | Bought a scroll of identify for 20 gold pieces
  2439 | D:3      | 2439 ||| BUYING scroll of identify (20 gold).
  2439 | D:3      | Bought a scroll of identify for 20 gold pieces
  2439 | D:3      | 2439 ||| BUYING scroll of identify (20 gold).
  2439 | D:3      | Bought a scroll of identify for 20 gold pieces
  2439 | D:3      | 2439 ||| SHOPLISTING scroll of identify (20 gold, have 13).
  2442 | D:3      | 2442 ||| Stepping ~*~*~tactically~*~*~ (stealth).
  2444 | D:3      | 2444 ||| Stepping ~*~*~tactically~*~*~ (stealth).
  2460 | D:3      | Reached skill level 6 in Axes
  2722 | D:3      | Found a faded altar of an unknown god.
  2879 | D:3      | 2879 ||| SWAPPING to +0 war axe.
  2881 | D:3      | 2881 ||| DROPPING +0 hand axe.
  2897 | D:3      | Reached XP level 6. HP: 20/35 MP: 5/10
  3046 | D:3      | Found a white marble altar of Elyvilon.
  3103 | D:3      | 3103 ||| Stepping ~*~*~tactically~*~*~ (stealth).
  3112 | D:3      | Reached skill level 7 in Axes
  3144 | D:3      | Found a snail-covered altar of Cheibriados.
  3432 | D:3      | 3432 ||| UPGRADING to +0 scale mail.
  3442 | D:3      | 3442 ||| DROPPING +0 ring mail.
  3443 | D:3      | 3443 ||| UPGRADING to +0 chain mail.
  3453 | D:3      | 3453 ||| DROPPING +0 scale mail.
  3454 | D:3      | 3454 ||| READING 3 scrolls labelled SOIMAN WAYCK.
  3455 | D:3      | 3455 ||| READING scroll labelled ZYBIUT MIZOXKE.
  3456 | D:3      | 3456 ||| READING 5 scrolls of identify.
  3456 | D:3      | 3456 ||| IDENTIFYING metallic amethyst potion
  3457 | D:3      | 3457 ||| READING 4 scrolls of identify.
  3457 | D:3      | 3457 ||| IDENTIFYING amethyst potion
  3458 | D:3      | 3458 ||| DROPPING potion of degeneration.
  3459 | D:3      | 3459 ||| DROPPING potion of lignification.
  3460 | D:3      | 3460 ||| DROPPING 2 scrolls of butterflies.
  3544 | D:4      | Identified the +2 robe "Xattafy" {Regen+}
  3581 | D:4      | 3581 ||| Stepping ~*~*~tactically~*~*~ (hiding).
  4068 | D:4      | 4068 ||| UPGRADING to +0 cloak.
  4073 | D:4      | 4073 ||| READING scroll labelled DISETU VIPIPN.
  4074 | D:4      | 4074 ||| READING scroll labelled SECAYS AROAT.
  4075 | D:4      | 4075 ||| DRINKING 2 white potions.
  4179 | D:4      | 4179 ||| READING 3 scrolls of identify.
  4179 | D:4      | 4179 ||| IDENTIFYING fuming cyan potion
  4180 | D:4      | 4180 ||| READING 2 scrolls of identify.
  4180 | D:4      | 4180 ||| IDENTIFYING sedimented sapphire potion
  4181 | D:4      | 4181 ||| DROPPING potion of berserk rage.
  4190 | D:5      | Entered Level 5 of the Dungeon
  4190 | D:5      | Noticed Prince Ribbit
  4191 | D:5      | 4191 ||| STAIRDANCE
  4350 | D:5      | Noticed Pikel
  4351 | D:5      | 4351 ||| STAIRDANCE
  4565 | D:5      | 4565 ||| STAIRDANCE
  4570 | D:4      | HP: 8/36 [poisoned by a scorpion]
  4570 | D:4      | HP: 3/36 [lemure[Pikel] (5)]
  4571 | D:4      | 4571 ||| READING scroll of teleportation.
  4571 | D:4      | HP: 1/36 [poisoned by a scorpion]
  4571 | D:4      | Mangled by Prince Ribbit

Levels and vault maps discovered:
D:1:      dpeg_arrival_water_altar, layout_rooms, hex_large,
          amcnicky_mini_corridor_feature, minmay_misc_feat_pillars
D:2:      layout_basic, serial_shops, nicolae_shop_bloodbath_and_beyond,
          uniq_natasha
D:3:      layout_loops_ring, general_overflow_altar, kennysheep_ying_yang,
          serial_shops, shop, ebering_ecumenical_altar_hall
D:4:      layout_rooms, minmay_misc_feat_tower, nicolae_titane
D:5:      layout_basic, kennysheep_flooded_box, uniq_prince_ribbit1, uniq_pikel,
          uniq_ijyb

Skill      XL: |  1  2  3  4  5  6 |
---------------+-------------------+-----
Axes           | 3 4 5 6 7 |  7.0
Armour         | 2 |  2.5
Fighting       | |  2.4
Throwing       | |  1.0
Dodging        | |  2.1
Spellcasting   | |  2.0
Translocations | |  2.4

Action                   |  1- 3 |  4- 6 || total
-------------------------+-------+-------++-------
Melee: Hand axe          |    75 |    64 ||   139
       Peck              |    10 |    19 ||    29
       Kick              |    16 |    32 ||    48
       War axe           |       |    51 ||    51
       Punch             |       |     2 ||     2
Throw: Boomerang         |     7 |    26 ||    33
  Use: Scroll            |     2 |    11 ||    13
       Potion            |       |     3 ||     3
Armor: Leather armour    |    11 |       ||    11
       Ring mail         |    10 |    27 ||    37
       Chain mail        |       |    21 ||    21
Dodge: Dodged            |    47 |    66 ||   113

Table legend:
 A = Non-vault XP
 B = Vault XP
 C = Vault XP percentage of total XP
 D = Non-vault monster count
 E = Vault monster count
 F = Vault count percentage of total count
                 A         B        C        D         E       F
            +---------+---------+-------+---------+---------+-------
      Total |     491 |      35 |   6.7 |      66 |       1 |   1.5
            +---------+---------+-------+---------+---------+-------
        D:1 |      15 |       0 |   0.0 |      10 |       0 |   0.0
        D:2 |     125 |      35 |  21.9 |      22 |       1 |   4.3
        D:3 |     249 |       0 |   0.0 |      24 |       0 |   0.0
        D:4 |     102 |       0 |   0.0 |      10 |       0 |   0.0
            +---------+---------+-------+---------+---------+-------
